 Dungeon Crawl Stone Soup version 0.30-a0-881-g1ff12e1e11 (webtiles) character file.

Game seed: 3094281661863721617

66733 Zenkrye the Warrior (level 15, -3/130 HPs)
             Began as a Human Cinder Acolyte on Mar 13, 2023.
             Was a High Priest of Ignis.
             Slain by a death yak (13 damage)
             ... on level 5 of the Lair of Beasts on Mar 14, 2023.
             The game lasted 01:01:32 (26536 turns).

Zenkrye the Warrior (Human Cinder Acolyte)         Turns: 26536, Time: 01:01:32

Health: -3/130     AC: 28    Str: 20    XL:     15   Next: 63%
Magic:  16/16      EV: 13    Int: 14    God:    Ignis [*****.]
Gold:   1040       SH:  5    Dex: 19    Spells: 14/16 levels left

rFire   + . .      SeeInvis .    l - +1 trident (freeze)
rCold   + . .      Faith    .    (no shield)
rNeg    . . .      Spirit   .    g - +4 chain mail {rC+}
rPois   +          Reflect  +    s - +2 helmet
rElec   .          Rampage  .    w - +1 cloak
rCorr   .                        H - +2 pair of gloves {hurl}
Will    +....                    d - +2 pair of boots Stlth
                                 F - amulet of reflection
HPRegen 0.41/turn                E - +6 ring of dexterity
MPRegen 0.15/turn                t - ring of the Five Tusks {rPois Str-2 Dex+4 Slay+4}

@: about to teleport
A: no striking features
a: Renounce Religion, Fiery Armour, Foxfire Swarm, Rising Flame


You were on level 5 of the Lair of Beasts.
You worshipped Ignis.
Ignis was extremely pleased with you.
You visited 3 branches of the dungeon, and saw 19 of its levels.

You collected 1734 gold pieces.
You spent 694 gold pieces at shops.

Inventory:

Hand Weapons
 l - a +1 trident of freezing (weapon)
 y - a +0 trident
Missiles
 m - a throwing net {!f}
 n - a curare-tipped dart
 u - 7 poisoned darts (quivered)
 x - 4 atropa-tipped darts
 G - 8 boomerangs
 K - 5 javelins
Armour
 d - a +2 pair of boots (worn)
 g - a +4 chain mail of cold resistance (worn)
 s - a +2 helmet (worn)
 w - a +1 cloak (worn)
 D - the +4 chain mail of Sin {Stlth+}
   (You found it on level 11 of the Dungeon)

   Stlth:     It makes you more stealthy.
 H - a +2 pair of gloves of hurling (worn)
Jewellery
 r - a ring of resist corrosion
 t - the ring of the Five Tusks (right hand) {rPois Str-2 Dex+4 Slay+4}
   (You acquired it on level 8 of the Dungeon)

   [ring of slaying]

   Str:       It affects your strength (-2).
   Dex:       It affects your dexterity (+4).
   Slay:      It affects your accuracy & damage with ranged weapons and melee
   (+4).
   rPois:     It protects you from poison.
 C - a ring of flight
 E - a +6 ring of dexterity (left hand)
 F - an amulet of reflection (around neck)
Wands
 h - a wand of flame (18)
 p - a wand of polymorph (26)
Scrolls
 c - a scroll of summoning
 i - 5 scrolls of identify {@r1}
 j - 3 scrolls of immolation
 q - a scroll of teleportation {@r3}
 v - 2 scrolls of magic mapping
 A - a scroll of poison
 B - 2 scrolls of fog
 L - a scroll of amnesia
 M - a scroll of fear
Potions
 a - 2 potions of flight
 b - 5 potions of mutation
 e - 9 potions of curing {@q1}
 f - 4 potions of haste {@q3}
 k - 4 potions of brilliance
 o - 4 potions of ambrosia
 I - a potion of invisibility
 J - a potion of cancellation
 N - a potion of might {@q4}


   Skills:
 + Level 15.7 Fighting
 - Level 14.0 Polearms
 - Level 10.0 Armour
 - Level 10.0 Dodging
 - Level 1.0 Spellcasting
 - Level 3.0 Fire Magic
 - Level 10.0 Evocations


You had 14 spell levels left.
You knew the following spells:

 Your Spells              Type           Power      Damage    Failure   Level
a - Scorch                Fire           18%        2d6       63%         2

Your spell library contained the following spells:

 Spells                   Type           Power      Damage    Failure   Level
 Freeze                   Ice            0%         1d3       88%         1
 Kiss of Death            Conj/Necr      0%         2d5       88%         1
 Slow                     Hex            0%         N/A       88%         1
 Blink                    Tloc           0%         N/A       95%         2
 Inner Flame              Hex/Fire       4%         N/A       96%         3
 Confusing Touch          Hex            0%         N/A       99%         3
 Frozen Ramparts          Ice            0%         1d1       99%         3
 Hailstorm                Conj/Ice       0%         3d3       99%         3
 Vampiric Draining        Necr           0%         2d6       99%         3
 Animate Armour           Summ/Erth      0%         N/A       100%        4
 Dispel Undead            Necr           0%         3d6       100%        4
 Flame Wave               Conj/Fire      4%         2d5       100%        4
 Manifold Assault         Tloc           0%         N/A       100%        4
 Sticky Flame             Conj/Fire      4%         2d3       100%        4
 Blade Hands              Tmut           0%         N/A       100%        5
 Freezing Cloud           Conj/Ice/Air   0%         6-21      100%        5
 Yara's Violent Unravell  Hex/Tmut       0%         3d3       100%        5
 Iron Shot                Conj/Erth      0%         9d1       100%        6
 Simulacrum               Ice/Necr       0%         N/A       100%        6
 Enfeeble                 Hex            0%         N/A       100%        7
 Storm Form               Tmut/Air       0%         N/A       100%        7
 Polar Vortex             Ice            0%         N/A       100%        9


Dungeon Overview and Level Annotations

Branches:
Dungeon (12/15)            Temple (0/1) D:5            Lair (5/5) D:9
 Shoals (0/4) Lair:2        Snake (0/4) Lair:2        Slime (0/5) Lair:4
    Orc (2/2) D:12            Elf (0/3) Orc:2

Altars:
Ashenzari
Cheibriados
Dithmenos
Gozag
Hepliaklqana
Kikubaaqudgha
Makhleb
Qazlal
Ru
Trog
Uskayaw
Wu Jian
Xom
Yredelemnul
Zin

Shops:
D:8 [   Orc:2 [*:(

Annotations:
D:2 1 runed translucent door, Crazy Yiuf, Natasha
D:9 2 runed translucent doors, Pimp's ghost, novice GrFE


Message History

* * * LOW HITPOINT WARNING * * *
The death yak barely misses you. The yak barely misses you.
Okay, then.
Unknown command.
You feel much better. The yak closely misses you. The death yak gores you!
The yak gores you but does no damage.
You puncture the death yak! You freeze the death yak.
The death yak is moderately wounded.
The yak closely misses you.
The death yak gores you but does no damage.
The yak closely misses you.
You hit the death yak but do no damage.
The death yak is moderately wounded.
You puncture the death yak! You freeze the death yak.
The death yak is heavily wounded.
The yak barely misses you.
The death yak gores you but does no damage.
The yak gores you!
You barely miss the death yak.
The death yak is heavily wounded.
You hit the death yak but do no damage.
The death yak is heavily wounded.
The yak misses you. The death yak gores you!
* * * LOW HITPOINT WARNING * * *
You block the yak's attack.
You puncture the death yak! You freeze the death yak.
The death yak is severely wounded.
The yak gores you!
* * * LOW HITPOINT WARNING * * *
The death yak gores you!
* * * LOW HITPOINT WARNING * * *
The yak gores you but does no damage.
As you read the scroll of teleportation {@r3}, it crumbles to dust.
You feel strangely unstable. The yak gores you but does no damage.
The death yak closely misses you. The yak completely misses you.
The yak attacks as you move away! The yak closely misses you.
The death yak gores you but does no damage.
The yak attacks as you move away! The yak gores you but does no damage.
The death yak attacks as you move away! The death yak gores you!
You die...

##.......P##
#......#...## ######
#.....###...## #....#
#....##
##...####...##
###..###
###...##....# ##...##
###.....†## ##
###..## ##...##†.# .
##...# ##..####### .
#.@.## #..## ### ##.
##YY÷###.## ###.##
##.(#
##†Y......####....##
#....#
##..###.....##......#
##...Y.##..##
###...#......##
#..8.8.†...#
##.....##..#
..8....8.###
###.###...#
.....8....##
#######...###
......8....#
#PP###...## #


You could see a death yak and 2 yaks.

Vanquished Creatures
  2 hydras
  2 catoblepae (Lair:5)
  5 two-headed ogres
  A boulder beetle (D:12)
  12 death yaks
  4 orc high priests
  3 skysharks
  A lindwurm (Lair:5)
  Pikel (D:9)
  5 orc knights (Orc:2)
  3 manticores
  6 orc sorcerers
  A cyclops (D:9)
  2 ugly things
  2 black mambas
  7 elephants
  10 slime creatures
  7 cane toads
  2 unseen horrors
  9 komodo dragons
  2 rime drakes
  5 kobold demonologists
  The ghost of valliere the Caller, a novice KoSu (D:4)
  10 trolls
  A queen bee (Lair:3)
  2 hornets
  2 polar bears (Lair:3)
  17 blink frogs
  11 dream sheep
  Sigmund (D:2)
  2 basilisks
  3 wraiths
  5 wyverns
  64 yaks
  3 vampire mosquitoes (D:12)
  A steam dragon (D:9)
  4 wargs
  An acid dragon (D:11)
  4 nagas (Lair:2)
  14 water moccasins
  19 orc warriors
  4 ice beasts
  5 wolves (Lair:4)
  8 ogres
  4 centaurs
  5 kobold brigands
  A phantom (D:4)
  7 bullfrogs
  Blork the orc (D:4)
  4 scorpions
  6 wights
  34 killer bees
  5 howler monkeys
  14 orc priests
  2 hounds (D:5)
  4 iguanas
  5 jellies
  2 sleepcaps (D:5)
  Jessica (D:3)
  2 gnoll boudas (D:5)
  Ijyb (D:5)
  Terence (D:2)
  Natasha (twice) (D:2)
  33 orc wizards
  4 gnolls (D:5)
  14 adders
  3 shadow imps
  A white imp (D:5)
  3 ufetubi
  A worm (D:3)
  3 dart slugs
  58 orcs
  10 ball pythons
  8 endoplasms
  3 giant cockroaches
  5 goblins
  10 hobgoblins
  2 jackals (D:1)
  23 kobolds
  3 quokkas
  3 bats (D:1)
  4 frilled lizards
  7 rats
573 creatures vanquished.

Vanquished Creatures (others)
  A bush (Lair:5)
  22 fungi
  43 plants
66 creatures vanquished.

Grand Total: 639 creatures vanquished

Notes
Turn   | Place    | Note
-------+----------+-------------------------------------------
     0 | D:1      | Zenkrye the Human Cinder Acolyte began the quest for the
                  | Orb.
     0 | D:1      | Reached XP level 1. HP: 18/18 MP: 2/2
   157 | D:1      | Reached XP level 2. HP: 23/24 MP: 3/3
   160 | D:1      | Learned a level 2 spell: Scorch
   565 | D:1      | Reached XP level 3. HP: 20/29 MP: 4/4
   695 | D:1      | Found a faded altar of an unknown god.
   972 | D:2      | Found a shimmering altar of Xom.
  1021 | D:2      | Noticed Sigmund
  1039 | D:2      | Killed Sigmund
  1040 | D:2      | Reached XP level 4. HP: 5/35 MP: 0/5
  1040 | D:2      | Reached XP level 5. HP: 6/41 MP: 0/6
  1195 | D:2      | Found a runed translucent door.
  1196 | D:2      | Noticed Crazy Yiuf
  1332 | D:2      | Reached XP level 6. HP: 46/47 MP: 7/7
  1363 | D:2      | Noticed Natasha
  1555 | D:2      | Killed Natasha
  1668 | D:2      | Noticed Natasha
  1673 | D:2      | Killed Natasha
  2057 | D:2      | Noticed Natasha
  2060 | D:2      | Upgraded the game from 0.30-a0-879-ga8ba668304 to
                  | 0.30-a0-881-g1ff12e1e11
  2234 | D:3      | Noticed Terence
  2268 | D:2      | Killed Terence
  2352 | D:3      | Noticed Jessica
  2482 | D:3      | Killed Jessica
  2483 | D:3      | Reached XP level 7. HP: 50/52 MP: 8/8
  2774 | D:3      | Found a stormy altar of Qazlal.
  2788 | D:3      | Found a broken altar of Ashenzari.
  3182 | D:4      | Noticed Blork the orc
  3379 | D:4      | Found a snail-covered altar of Cheibriados.
  3472 | D:4      | Found a shadowy altar of Dithmenos.
  3614 | D:4      | Found an ancient bone altar of Kikubaaqudgha.
  3711 | D:4      | Found a basalt altar of Yredelemnul.
  3968 | D:4      | Found a runed translucent gate.
  3969 | D:4      | Found a runed translucent gate.
  3969 | D:4      | Found a runed translucent gate.
  3973 | D:4      | Noticed valliere's ghost (novice KoSu)
  4003 | D:5      | Entered Level 5 of the Dungeon
  4270 | D:5      | Found a staircase to the Ecumenical Temple.
  4301 | D:5      | Reached XP level 8. HP: 36/58 MP: 9/9
  4672 | D:5      | Noticed Ijyb
  4751 | D:5      | Killed Ijyb
  5449 | D:5      | Reached skill level 10 in Polearms
  5747 | D:5      | Noticed a yak
  5778 | D:5      | Killed a yak
  5779 | D:5      | Reached XP level 9. HP: 63/63 MP: 10/10
  6222 | D:6      | Found a hide-covered altar of Uskayaw.
  6258 | D:6      | Noticed a two-headed ogre
  6259 | D:6      | Noticed a troll
  6509 | D:6      | Reached skill level 1 in Armour
  6509 | D:6      | Reached skill level 1 in Evocations
  7056 | D:7      | Reached skill level 4 in Fighting
  7197 | D:7      | Found a burning altar of Makhleb.
  7953 | D:8      | Reached XP level 10. HP: 27/73 MP: 11/11
  8282 | D:8      | Found Vomilamu's Antique Armour Emporium.
  8435 | D:8      | Reached skill level 5 in Fighting
  9074 | D:8      | Noticed a kobold demonologist
  9075 | D:8      | Noticed a kobold demonologist
  9098 | D:8      | Noticed a soul eater
  9115 | D:8      | Identified a scroll of acquirement
  9115 | D:8      | Acquired the ring of the Five Tusks {rPois Str-2 Dex+4
                  | Slay+4}
  9123 | D:8      | Killed a kobold demonologist
  9134 | D:8      | Killed a kobold demonologist
  9296 | D:8      | Found a hazy altar of Hepliaklqana.
  9317 | D:8      | Reached skill level 6 in Fighting
  9317 | D:8      | Reached skill level 5 in Armour
  9317 | D:8      | Reached skill level 5 in Evocations
  9750 | D:6      | Killed a two-headed ogre
  9751 | D:6      | Reached skill level 7 in Fighting
  9751 | D:6      | Reached XP level 11. HP: 45/84 MP: 12/12
 10239 | D:4      | Killed Blork the orc
 10262 | D:4      | Killed valliere's ghost
 10490 | D:9      | Reached skill level 8 in Fighting
 10716 | D:9      | Found a glowing silver altar of Zin.
 10828 | D:9      | Found a staircase to the Lair.
 10955 | D:9      | Noticed a cyclops
 10970 | D:9      | Killed a cyclops
 11010 | D:9      | Noticed Pikel
 11033 | D:9      | Killed Pikel
 11103 | D:9      | Found an opulent altar of Gozag.
 11337 | D:9      | Found a large runed translucent door.
 11337 | D:9      | Found a large runed translucent door.
 11338 | D:9      | Noticed Pimp's ghost (novice GrFE)
 11753 | D:10     | Entered Level 10 of the Dungeon
 11921 | D:10     | Reached skill level 9 in Fighting
 12050 | D:10     | Noticed a purple ugly thing
 12063 | D:10     | Killed a purple ugly thing
 12102 | D:10     | Found a bloodstained altar of Trog.
 12162 | D:10     | Found an ornate altar of the Wu Jian Council.
 13093 | D:10     | Reached XP level 12. HP: 96/96 MP: 13/13
 13528 | Lair:1   | Entered Level 1 of the Lair of Beasts
 13720 | Lair:1   | Reached skill level 10 in Fighting
 14669 | Lair:2   | Found a sacrificial altar of Ru.
 14716 | Lair:2   | Reached skill level 1 in Dodging
 15206 | Lair:2   | Found a staircase to the Snake Pit.
 15668 | Lair:2   | Reached skill level 10 in Armour
 16126 | Lair:2   | Found a staircase to the Shoals.
 16139 | Lair:2   | Reached XP level 13. HP: 98/104 MP: 14/14
 16536 | Lair:3   | Reached skill level 11 in Fighting
 17182 | Lair:3   | Reached skill level 5 in Dodging
 18209 | Lair:4   | Found a staircase to the Slime Pits.
 18480 | Lair:4   | Noticed a seven-headed hydra
 18490 | Lair:4   | Killed a seven-headed hydra
 18491 | Lair:4   | Reached skill level 12 in Fighting
 18901 | Lair:5   | Entered Level 5 of the Lair of Beasts
 19174 | Lair:5   | Reached XP level 14. HP: 115/115 MP: 15/15
 20430 | Lair:4   | Reached skill level 13 in Fighting
 20706 | Lair:4   | HP: 5/118 [death yak (15)]
 22081 | D:11     | Identified the +4 chain mail of Sin {Stlth+}
 22378 | D:12     | Found a staircase to the Orcish Mines.
 22387 | Orc:1    | Entered Level 1 of the Orcish Mines
 22520 | Orc:1    | Paralysed by an orc sorcerer for 4 turns
 22768 | Orc:1    | Reached skill level 14 in Fighting
 22770 | Orc:1    | Reached skill level 10 in Dodging
 22973 | Orc:2    | Entered Level 2 of the Orcish Mines
 23076 | Orc:2    | Found a staircase to the Elven Halls.
 23411 | Orc:2    | Reached XP level 15. HP: 97/127 MP: 16/16
 23787 | Orc:2    | Paralysed by an orc sorcerer for 3 turns
 24172 | Orc:2    | Found Xeowk's Antique Weapon Boutique.
 24172 | Orc:2    | Found Tesiden's Antique Armour Shoppe.
 24174 | Orc:2    | Found Lopuih's Book Boutique.
 24174 | Orc:2    | Found Arinuseb's Assorted Antiques.
 24364 | Orc:2    | Bought a pair of runed gloves for 247 gold pieces
 24631 | Orc:2    | Bought a potion of haste for 350 gold pieces
 24631 | Orc:2    | Bought a scroll labelled EQUUHO LEEFEIX for 35 gold pieces
 24631 | Orc:2    | Bought a white potion for 31 gold pieces
 24631 | Orc:2    | Bought a fizzy coppery potion for 31 gold pieces
 24838 | D:12     | Reached skill level 15 in Fighting
 24924 | D:12     | Found a stormy altar of Qazlal.
 26478 | Lair:5   | Reached skill level 10 in Evocations
 26536 | Lair:5   | Slain by a death yak

Illustrated notes

Levels and vault maps discovered:
D:1:      dpeg_arrival_more_subterranean_lakeside_camping, layout_basic,
          basic_ecumenical_altar
D:2:      layout_loops_ring, basic_altar, minmay_nonomino_d4,
          uniq_crazy_yiuf_cottage, uniq_natasha, uniq_sigmund
D:3:      layout_rooms, nicolae_overflow_squiral, lexackson_kobold_supper,
          uniq_terence, uniq_jessica
D:4:      layout_basic, mainiacjoe_overflow_surrounded_room, lemuel_round_altar,
          mainiacjoe_overflow_alcove_1, mainiacjoe_overflow_alcove_4,
          ebering_ghost_rock_garden, amcnicky_mini_rare_corridor_liquid,
          nrook_mini_backslash, uniq_blork_the_orc
D:5:      layout_basic, minmay_temple_entry_gardened_gates, nzn_random_ring,
          uniq_ijyb
D:6:      layout_cave_pools, mainiacjoe_overflow_paths, minmay_chambers_of_fives
D:7:      layout_cave_pods, amcnicky_altar_gilded
D:8:      layout_basic, lemuel_tele_altar, serial_shops, kennysheep_little_box
D:9:      layout_irregular_city, old_standard_altar,
          mainiacjoe_overflow_catwalk, erik_lair_orcish_takeover,
          ebering_ghost_disaster_area, uniq_pikel
D:10:     layout_loops_corners, nicolae_wu_jian_wuxing_cycle,
          mainiacjoe_overflow_tiny_flanked, minmay_misc_feat_pillars
D:11:     layout_loops_ring, kennysheep_generic_room_6
D:12:     layout_irregular_city, orc_0_dummy, chequers_serial_rivers_micro_a,
          nicolae_qazlal_eye_of_the_storm
Lair:1:   layout_cave_pods
Lair:2:   layout_chaotic_city, elwin_shoals_entry_rooms,
          minmay_snake_entry_guardpost_small, basic_altar,
          grunt_forest_small_clearing_treed
Lair:3:   layout_roguey [special_room_bee], serial_bayou_shore_b
Lair:4:   layout_concentric_octagons, minmay_slime_entry_pillars
Lair:5:   evilmike_catoblepas_cave, layout_regular_city,
          infiniplex_staircase_pool
Orc:1:    layout_caves, nicolae_orc_crystal_geode
Orc:2:    grunt_orc_tribal_feast, layout_caves, nicolae_orc_lost_temple

Skill      XL: |  1  2  3  4  5  6  7  8  9 10 11 12 13 14 15 |
---------------+----------------------------------------------+-----
Polearms       | 4 6 7 9 10 12 13 14 | 14.0
Armour         | 3 6 8 10 | 10.0
Evocations     | 3 5 7 8 10 | 10.0
Fighting       | 4 7 9 10 12 14 15 | 15.7
Dodging        | 3 6 10 | 10.0
Spellcasting   | |  1.0
Fire Magic     | |  3.0

Action                     |  1- 3 |  4- 6 |  7- 9 | 10-12 | 13-15 || total
---------------------------+-------+-------+-------+-------+-------++-------
  Melee: Spear             |    92 |    74 |   639 |   476 |       ||  1281
         Punch             |       |     1 |     5 |    15 |    17 ||    38
         Trident           |       |       |       |   477 |  1556 ||  2033
  Throw: Throwing net      |       |       |     3 |       |       ||     3
         Dart              |       |       |       |    33 |    79 ||   112
   Cast: Scorch            |     2 |    12 |       |       |       ||    14
  Evoke: Wand              |       |       |       |       |     2 ||     2
    Use: Scroll            |     4 |     4 |    11 |    11 |    11 ||    41
         Potion            |       |     2 |     4 |     4 |     7 ||    17
   Stab: Sleeping          |     1 |       |       |       |       ||     1
         Held in net/web   |       |       |     2 |       |       ||     2
         Petrified         |       |       |       |     2 |       ||     2
         Distracted        |       |       |       |       |     1 ||     1
 Armour: Robe              |    22 |     8 |       |       |       ||    30
         Chain mail        |       |     8 |   241 |   305 |   567 ||  1121
         Skin              |       |     5 |       |    14 |       ||    19
  Dodge: Dodged            |    46 |    34 |   117 |   176 |   410 ||   783
  Block: Other             |       |       |       |       |    91 ||    91
         Reflection        |       |       |       |       |     5 ||     5

Table legend: (Time is in decaauts)
 A = Elapsed time spent in this place.
 B = Non-inter-level travel time spent in this place.
 C = Inter-level travel time spent in this place.
 D = Time resting spent in this place.
 E = Time spent auto-exploring this place.
 F = Levels seen in this place.
 G = Mean time per level.
                   A        B        C        D        E       F      G
               +--------+--------+--------+--------+--------+-----+--------+
         Total |  25298 |  23471 |   1827 |   3960 |  15240 |  19 | 1331.5 |
       Dungeon |  15244 |  14018 |   1226 |   2038 |   9522 |  12 | 1270.3 |
          Lair |   8021 |   7645 |    376 |   1434 |   4873 |   5 | 1604.2 |
  Orcish Mines |   2033 |   1809 |    224 |    487 |    844 |   2 | 1016.5 |
               +--------+--------+--------+--------+--------+-----+--------+

Top non-repeatable levels by time:
  Lair:5: 2166 daAuts
     D:5: 2049 daAuts
     D:8: 1704 daAuts
  Lair:2: 1700 daAuts
     D:9: 1623 daAuts
  Lair:3: 1550 daAuts
  Lair:4: 1511 daAuts
    D:10: 1470 daAuts
   Orc:2: 1458 daAuts
     D:2: 1360 daAuts
    D:12: 1281 daAuts
     D:4: 1126 daAuts
  Lair:1: 1091 daAuts
     D:1: 1053 daAuts
     D:7: 1017 daAuts
